[Event "GER-chW Blitz 2019"]
[Site "Magdeburg"]
[Date "2019.05.25"]
[Round "4.10"]
[White "Osmanodja, Filiz"]
[Black "Birkholz, Olga"]
[Result "1-0"]
[ECO "B23"]
[WhiteElo "2260"]
[BlackElo "2031"]
[Annotator "NA"]
[PlyCount "79"]
[EventDate "2019.05.25"]
[EventType "tourn"]
[EventCountry "GER"]
[SourceTitle "playchess.com"]
[Source "ChessBase"]
[SourceQuality "1"]
[TimeControl "180+2"]

1. e4 c5 2. Nc3 g6 3. Nf3 Bg7 4. d4 cxd4 5. Nxd4 a6 6. Be2 d6 7. O-O Bd7 8. Bg5 Nc6 9. Nb3 Nf6 10. Re1 O-O 11. Bf1 b5 12. Nd5 Nxd5 13. exd5 Ne5 14. h3 Re8 15. Nd4 Qb6 16. c3 Qc5 17. Nb3 Qc7 18. f4 Nc4 19. Bxc4 Qxc4 20. Bxe7 Qxf4 21. Qd2 Qg3 22. Re3 Bh6 23. Rxg3 Bxd2 24. Bxd6 Re2 25. Nxd2 Rxd2 26. Bc5 Rxd5 27. Bd4 Re8 28. Re3 Rxe3 29. Bxe3 Re5 30. Kf2 Bc6 31. Rd1 Bxg2 32. Rd8+ Kg7 33. Bd4 f6 34. Bxe5 fxe5 35. Kxg2 Kf6 36. Kf3 Ke7 37. Ra8 Kf6 38. Rxa6+ Kf5 39. Ra7 g5 40. Rxh7 {[%emt 0:00:02] Ke4+ Kxe4} 1-0

[Event "GER-chW Blitz 2019"]
[Site "Magdeburg"]
[Date "2019.05.25"]
[Round "4.11"]
[White "Michna, Marta"]
[Black "Hofmann, Karina"]
[Result "1-0"]
[ECO "A04"]
[WhiteElo "2355"]
[BlackElo "1700"]
[Annotator "NA"]
[PlyCount "89"]
[EventDate "2019.05.25"]
[EventType "tourn"]
[EventCountry "GER"]
[SourceTitle "playchess.com"]
[Source "ChessBase"]
[SourceQuality "1"]
[TimeControl "180+2"]

1. Nf3 b6 2. g3 Bb7 3. Bg2 d5 4. O-O e6 5. d3 Bd6 6. Nbd2 Ne7 7. e4 Ng6 8. c3 dxe4 9. dxe4 O-O 10. Re1 c5 11. a4 a6 12. Qc2 Nd7 13. Nc4 Qe7 14. Bg5 f6 15. Nxd6 Qxd6 16. Rad1 Qe7 17. Bc1 Rfd8 18. Qb3 Kh8 19. h4 Rac8 20. h5 c4 21. Qc2 Nge5 22. Nd4 Qf7 23. Qe2 Nc6 24. Qxc4 Nxd4 25. Qxd4 Qxh5 26. b4 Qe5 27. Be3 Qxd4 28. cxd4 Rc4 29. b5 Rxa4 30. bxa6 Bxa6 31. d5 Nf8 32. Bxb6 Rb8 33. Bc5 exd5 34. exd5 Nd7 35. Bd6 Rd8 36. Re7 Rc4 37. Bf4 Ne5 38. Bxe5 fxe5 39. Rxe5 Rcc8 40. d6 h6 41. Re7 Re8 42. Bh3 Rxe7 43. dxe7 Rb8 44. Rd8+ Rxd8 45. exd8=Q+ 1-0

[Event "GER-chW Blitz 2019"]
[Site "Magdeburg"]
[Date "2019.05.25"]
[Round "4.12"]
[White "Muetsch, Annmarie"]
[Black "Siegl, Melina"]
[Result "1-0"]
[ECO "B80"]
[WhiteElo "2266"]
[BlackElo "2029"]
[Annotator "NA"]
[PlyCount "70"]
[EventDate "2019.05.25"]
[EventType "tourn"]
[EventCountry "GER"]
[SourceTitle "playchess.com"]
[Source "ChessBase"]
[SourceQuality "1"]
[TimeControl "180+2"]

1. e4 c5 2. Nf3 e6 3. d4 cxd4 4. Nxd4 Nf6 5. Nc3 d6 6. g3 a6 7. Bg2 Nbd7 8. O-O Qc7 9. Be3 Ne5 10. h3 b5 11. f4 Nc4 12. Bc1 Bb7 13. b3 Nb6 14. Qd3 Rc8 15. Bb2 e5 16. fxe5 dxe5 17. Nf5 Bc5+ 18. Kh2 g6 19. Ne3 Nh5 20. Ncd5 Nxd5 21. Nxd5 Bxd5 22. Qxd5 Bd6 23. Rad1 Rd8 24. c4 O-O 25. cxb5 axb5 26. Qxb5 Qe7 27. Bf3 Qg5 28. Bxh5 gxh5 29. Qe2 Kh8 30. Rf5 Qg7 31. Qxh5 Rg8 32. Qf3 f6 33. Rxf6 Be7 34. Rxd8 Bxf6 35. Rxg8+ Qxg8 1-0

[Event "GER-chW Blitz 2019"]
[Site "Magdeburg"]
[Date "2019.05.25"]
[Round "5.1"]
[White "Siegl, Melina"]
[Black "Roesler, Hannah Clara Hed"]
[Result "1-0"]
[ECO "B27"]
[WhiteElo "2029"]
[BlackElo "1619"]
[Annotator "NA"]
[PlyCount "76"]
[EventDate "2019.05.25"]
[EventType "tourn"]
[EventCountry "GER"]
[SourceTitle "playchess.com"]
[Source "ChessBase"]
[SourceQuality "1"]
[TimeControl "180+2"]

1. e4 c5 2. Nf3 g6 3. d3 Bg7 4. g3 Nc6 5. c3 d5 6. Nbd2 Nf6 7. Bg2 O-O 8. O-O Qc7 9. Re1 dxe4 10. dxe4 Rd8 11. Qc2 Bg4 12. Nf1 Qc8 13. Ne3 Bh3 14. Bh1 Ng4 15. Ng5 Nge5 16. Nxh3 Qxh3 17. Bg2 Qh5 18. Qe2 Qxe2 19. Rxe2 Nd3 20. Nd5 e6 21. Nf4 Nce5 22. Be3 c4 23. Bd4 b5 24. Rd1 Rd7 25. Nxd3 Nxd3 26. e5 a6 27. Bxa8 Rd8 28. Bg2 Nxe5 29. Ree1 f6 30. Bxe5 Rxd1 31. Rxd1 fxe5 32. Be4 Kf7 33. Rd7+ Kf6 34. h4 Bh6 35. Ra7 Bc1 36. b3 Bb2 37. bxc4 bxc4 38. Rxa6 Bxc3 1-0

[Event "GER-chW Blitz 2019"]
[Site "Magdeburg"]
[Date "2019.05.25"]
[Round "5.2"]
[White "Hofmann, Karina"]
[Black "Muetsch, Annmarie"]
[Result "0-1"]
[ECO "A03"]
[WhiteElo "1700"]
[BlackElo "2266"]
[Annotator "NA"]
[PlyCount "92"]
[EventDate "2019.05.25"]
[EventType "tourn"]
[EventCountry "GER"]
[SourceTitle "playchess.com"]
[Source "ChessBase"]
[SourceQuality "1"]
[TimeControl "180+2"]

1. f4 d5 2. Nf3 Nf6 3. e3 g6 4. b3 Bg7 5. Nc3 O-O 6. Bb2 c5 7. d4 b6 8. Bd3 Nc6 9. Qe2 Bb7 10. O-O-O Na5 11. Ne5 Rc8 12. Nb5 a6 13. Nc3 Nd7 14. dxc5 Nxe5 15. Bxa6 Bxa6 16. Qxa6 Nd7 17. cxb6 Qxb6 18. Qxb6 Nxb6 19. Nxd5 Nxd5 20. Rxd5 Nc6 21. Bxg7 Kxg7 22. c4 e6 23. Rd6 Kf6 24. e4 Ke7 25. Rhd1 Rfd8 26. Rxd8 Nxd8 27. Kc2 Nc6 28. Kc3 f6 29. b4 e5 30. fxe5 fxe5 31. Rd5 Ke6 32. b5 Nd4 33. a4 Ne2+ 34. Kb4 Nf4 35. Rc5 Nd3+ 36. Ka5 Nxc5 37. b6 Kd6 38. Kb5 Ra8 39. a5 g5 40. g4 h6 41. h3 Rc8 42. a6 Nxa6 43. Kxa6 Rxc4 44. b7 Rb4 45. Ka7 Kc7 46. Ka6 Rxb7 0-1

[Event "GER-chW Blitz 2019"]
[Site "Magdeburg"]
[Date "2019.05.25"]
[Round "5.3"]
[White "Birkholz, Olga"]
[Black "Michna, Marta"]
[Result "0-1"]
[ECO "E94"]
[WhiteElo "2031"]
[BlackElo "2355"]
[Annotator "NA"]
[PlyCount "70"]
[EventDate "2019.05.25"]
[EventType "tourn"]
[EventCountry "GER"]
[SourceTitle "playchess.com"]
[Source "ChessBase"]
[SourceQuality "1"]
[TimeControl "180+2"]

1. d4 Nf6 2. c4 d6 3. Nc3 Nbd7 4. e4 e5 5. Nf3 g6 6. Be2 Bg7 7. O-O O-O 8. b4 a5 9. bxa5 exd4 10. Nxd4 Nc5 11. Bf3 Rxa5 12. Bg5 h6 13. Bd2 Ra8 14. Qc1 Kh7 15. Nb3 Nd3 16. Qc2 Nb4 17. Qc1 Nd7 18. a3 Nc6 19. Nd5 Nce5 20. Be2 c6 21. Ne3 Nf6 22. f4 Ned7 23. Qc2 Qe7 24. Bd3 Re8 25. f5 g5 26. Rfe1 Ne5 27. Bc3 Nh5 28. Bf1 Nf4 29. g3 Nf3+ 30. Kf2 Nxe1 31. Rxe1 Bxc3 32. Qxc3 Nh5 33. Nd4 Nf6 34. g4 Nxe4+ 35. Kg2 Nxc3 0-1

[Event "GER-chW Blitz 2019"]
[Site "Magdeburg"]
[Date "2019.05.25"]
[Round "5.4"]
[White "Rath, Alina"]
[Black "Osmanodja, Filiz"]
[Result "0-1"]
[ECO "A36"]
[WhiteElo "2042"]
[BlackElo "2260"]
[Annotator "NA"]
[PlyCount "72"]
[EventDate "2019.05.25"]
[EventType "tourn"]
[EventCountry "GER"]
[SourceTitle "playchess.com"]
[Source "ChessBase"]
[SourceQuality "1"]
[TimeControl "180+2"]

1. c4 c5 2. Nc3 Nc6 3. g3 g6 4. Bg2 Bg7 5. e4 e6 6. Nge2 Nge7 7. O-O O-O 8. d3 Nd4 9. Be3 a6 10. Qd2 Rb8 11. Bh6 b5 12. Bxg7 Kxg7 13. b3 b4 14. Nd1 Nec6 15. f4 f5 16. Ne3 Nxe2+ 17. Qxe2 Nd4 18. Qd2 Bb7 19. Nc2 a5 20. Nxd4 cxd4 21. Rae1 Qb6 22. e5 Bxg2 23. Qxg2 a4 24. Rc1 axb3 25. axb3 Ra8 26. Rf2 Ra3 27. Rb2 Rfa8 28. h3 Qa6 29. Qd2 Ra1 30. Rbb1 Qa2 31. Qxa2 R1xa2 32. Rd1 R8a3 33. h4 Kf7 34. Kf1 Rc2 35. Rdc1 Rc3 36. Ke2 Ra2+ 0-1

[Event "GER-chW Blitz 2019"]
[Site "Magdeburg"]
[Date "2019.05.25"]
[Round "5.5"]
[White "Silz, Elisa"]
[Black "Sieber, Fiona"]
[Result "0-1"]
[ECO "E15"]
[WhiteElo "1977"]
[BlackElo "2250"]
[Annotator "NA"]
[PlyCount "114"]
[EventDate "2019.05.25"]
[EventType "tourn"]
[EventCountry "GER"]
[SourceTitle "playchess.com"]
[Source "ChessBase"]
[SourceQuality "1"]
[TimeControl "180+2"]

1. d4 Nf6 2. Nf3 e6 3. c4 b6 4. g3 Ba6 5. Qc2 Bb7 6. Bg2 c5 7. O-O cxd4 8. Nxd4 Bxg2 9. Kxg2 Qc8 10. b3 Nc6 11. Nb5 Qb7 12. f3 a6 13. N5c3 Nd4 14. Qd3 Nc6 15. Bg5 Be7 16. Nd2 O-O 17. e4 Rfd8 18. Qe3 Bc5 19. Qe1 Bd4 20. Rc1 Nb4 21. Qe2 h6 22. Bxf6 Bxf6 23. e5 Be7 24. Nde4 d6 25. exd6 Bxd6 26. Nxd6 Rxd6 27. Ne4 Rd7 28. Rfd1 Rad8 29. a3 Nd3 30. Rb1 Rd4 31. Nc3 Qd7 32. Rf1 Nc5 33. Rbd1 Nxb3 34. Rxd4 Nxd4 35. Qe4 Qc6 36. Qxc6 Nxc6 37. Rf2 Rd3 38. Na4 b5 39. cxb5 axb5 40. Nc5 Rxa3 41. Rb2 Nd4 42. f4 Rc3 43. Ne4 Rc2+ 44. Rxc2 Nxc2 45. Kf3 Kf8 46. Ke2 Nd4+ 47. Kd3 Nf3 48. h3 Ng1 49. h4 Ke7 50. Kc3 f5 51. Nd2 Ne2+ 52. Kb4 Nxg3 53. Kxb5 Ne2 54. Kc6 Nxf4 55. Nc4 Ng2 56. h5 Nf4 57. Ne5 Nxh5 0-1

[Event "GER-chW Blitz 2019"]
[Site "Magdeburg"]
[Date "2019.05.25"]
[Round "5.6"]
[White "Kotyk, Valeriya"]
[Black "Daemering, Katrin"]
[Result "1-0"]
[ECO "A44"]
[WhiteElo "1739"]
[BlackElo "2003"]
[Annotator "NA"]
[PlyCount "83"]
[EventDate "2019.05.25"]
[EventType "tourn"]
[EventCountry "GER"]
[SourceTitle "playchess.com"]
[Source "ChessBase"]
[SourceQuality "1"]
[TimeControl "180+2"]

1. d4 c5 2. d5 e5 3. c4 d6 4. Nc3 g6 5. e4 Bg7 6. Nf3 Ne7 7. Be3 O-O 8. Qd2 a6 9. Be2 Nd7 10. O-O Rb8 11. a4 Nf6 12. Bh6 Ne8 13. Bxg7 Kxg7 14. Qc2 h6 15. Nd2 f5 16. f4 fxe4 17. fxe5 Bf5 18. e6 Nf6 19. Qd1 h5 20. h3 e3 21. Nf3 Qb6 22. b3 Qb4 23. Rc1 Rbd8 24. Ng5 Rc8 25. Nf7 Qb6 26. Bd3 Bxd3 27. Qxd3 Qxb3 28. Nxd6 Rcd8 29. Nf7 Rde8 30. Rb1 Qa3 31. Ra1 Qb4 32. Rfb1 Qa5 33. Rxb7 Nf5 34. Nd6+ Re7 35. Nxf5+ gxf5 36. Rxe7+ Kg6 37. Rf1 Nh7 38. Qxe3 Qd8 39. Rd7 Qe8 40. Ne2 Ng5 41. Nf4+ Kf6 42. Qc3# 1-0

[Event "GER-chW Blitz 2019"]
[Site "Magdeburg"]
[Date "2019.05.25"]
[Round "5.7"]
[White "Fuchs, Judith"]
[Black "Kreismann, Franziska"]
[Result "1-0"]
[ECO "B06"]
[WhiteElo "2218"]
[BlackElo "1589"]
[Annotator "NA"]
[PlyCount "29"]
[EventDate "2019.05.25"]
[EventType "tourn"]
[EventCountry "GER"]
[SourceTitle "playchess.com"]
[Source "ChessBase"]
[SourceQuality "1"]
[TimeControl "180+2"]

1. d4 g6 2. e4 d6 3. Nc3 Bg7 4. Bf4 Nf6 5. Qd2 O-O 6. Bh6 Re8 7. Bxg7 Kxg7 8. O-O-O e5 9. dxe5 dxe5 10. Qxd8 Rxd8 11. Rxd8 Nc6 12. Rd1 Be6 13. Nf3 a6 14. Ng5 Bc4 15. Bxc4 1-0

[Event "GER-chW Blitz 2019"]
[Site "Magdeburg"]
[Date "2019.05.25"]
[Round "5.8"]
[White "Lubbe, Melanie"]
[Black "Kunze, Kerstin"]
[Result "1-0"]
[ECO "A45"]
[WhiteElo "2278"]
[BlackElo "2066"]
[Annotator "NA"]
[PlyCount "51"]
[EventDate "2019.05.25"]
[EventType "tourn"]
[EventCountry "GER"]
[SourceTitle "playchess.com"]
[Source "ChessBase"]
[SourceQuality "1"]
[TimeControl "180+2"]

1. d4 Nf6 2. Nc3 d5 3. Bf4 c6 4. f3 Nbd7 5. e4 Nh5 6. Be3 e6 7. a3 Qh4+ 8. Bf2 Qd8 9. Nge2 g6 10. g4 Nhf6 11. e5 Ng8 12. Qd2 Be7 13. O-O-O Nb6 14. Ng3 Qc7 15. f4 Bd7 16. Bd3 h6 17. h4 O-O-O 18. f5 gxf5 19. gxf5 exf5 20. Nxf5 Kb8 21. Rhg1 Bxf5 22. Bxf5 Nc4 23. Qe2 Qb6 24. Na4 Qa6 25. Nc5 Bxc5 26. dxc5 1-0

[Event "GER-chW Blitz 2019"]
[Site "Magdeburg"]
[Date "2019.05.25"]
[Round "5.9"]
[White "Ries, Jutta"]
[Black "Gheng, Simona"]
[Result "1-0"]
[ECO "A02"]
[WhiteElo "2017"]
[BlackElo "1991"]
[Annotator "NA"]
[PlyCount "91"]
[EventDate "2019.05.25"]
[EventType "tourn"]
[EventCountry "GER"]
[SourceTitle "playchess.com"]
[Source "ChessBase"]
[SourceQuality "1"]
[TimeControl "180+2"]

1. f4 c5 2. Nf3 d6 3. b3 Nf6 4. Bb2 g6 5. e3 Bg7 6. Bb5+ Bd7 7. a4 O-O 8. O-O a6 9. Bxd7 Nbxd7 10. Nc3 Rc8 11. Qe2 e6 12. e4 Qc7 13. Rae1 d5 14. e5 Ne8 15. Nd1 c4 16. Ba3 Nc5 17. d4 cxd3 18. cxd3 Nxb3 19. Bxf8 Bxf8 20. Qb2 Nc5 21. Qc2 Qb6 22. Kh1 Nc7 23. d4 Nb3 24. Nf2 Nxd4 25. Nxd4 Qxd4 26. Ng4 Be7 27. Rc1 Bd8 28. Qb3 Rb8 29. Nf6+ Kg7 30. Nd7 Ra8 31. Qxb7 Ra7 32. Qc8 Ra8 33. Nb8 a5 34. Qxd8 Na6 35. Qf6+ Kh6 36. Nd7 Qxa4 37. Qg5+ Kg7 38. Nf6 h6 39. Nh5+ Kh7 40. Nf6+ Kg7 41. Qg3 Rb8 42. f5 exf5 43. Rc3 Qb5 44. Rcf3 d4 45. h4 Qxe5 46. Qxe5 1-0

[Event "GER-chW Blitz 2019"]
[Site "Magdeburg"]
[Date "2019.05.25"]
[Round "5.10"]
[White "Kushka, Alena"]
[Black "Kopylov, Luba"]
[Result "1/2-1/2"]
[ECO "D92"]
[WhiteElo "2148"]
[BlackElo "2078"]
[Annotator "NA"]
[PlyCount "85"]
[EventDate "2019.05.25"]
[EventType "tourn"]
[EventCountry "GER"]
[SourceTitle "playchess.com"]
[Source "ChessBase"]
[SourceQuality "1"]
[TimeControl "180+2"]

1. d4 Nf6 2. c4 g6 3. Nc3 d5 4. Nf3 Bg7 5. Bf4 c6 6. e3 Ne4 7. Bd3 Nxc3 8. bxc3 Nd7 9. O-O O-O 10. Rb1 Nf6 11. Bg3 Qa5 12. Qc2 dxc4 13. Bxc4 Bf5 14. Bd3 Bxd3 15. Qxd3 Qxa2 16. Rxb7 Nd5 17. e4 Nb6 18. Rxe7 a5 19. Nd2 a4 20. Rb7 Nc8 21. Nc4 a3 22. Rd1 Ra4 23. Ne3 c5 24. d5 c4 25. Qf1 Bxc3 26. Rc1 Bb2 27. Rxc4 Rxc4 28. Nxc4 Bd4 29. h3 Qc2 30. Nxa3 Qxe4 31. Nb5 Qxd5 32. Rb8 Be5 33. Bxe5 Qxe5 34. Rb7 Nd6 35. Nxd6 Qxd6 36. Rb3 Qd5 37. Rf3 Rc8 38. Rd3 Qg5 39. Rd1 Rc2 40. Qd3 Ra2 41. Qd8+ Qxd8 42. Rxd8+ Kg7 43. Rd3 1/2-1/2

[Event "GER-chW Blitz 2019"]
[Site "Magdeburg"]
[Date "2019.05.25"]
[Round "5.11"]
[White "Schulze, Lara"]
[Black "Zimmer, Elke"]
[Result "1-0"]
[ECO "C50"]
[WhiteElo "2160"]
[BlackElo "1926"]
[Annotator "NA"]
[PlyCount "86"]
[EventDate "2019.05.25"]
[EventType "tourn"]
[EventCountry "GER"]
[SourceTitle "playchess.com"]
[Source "ChessBase"]
[SourceQuality "1"]
[TimeControl "180+2"]

1. e4 e5 2. Nf3 Nc6 3. Bc4 Nf6 4. d3 Bc5 5. c3 d6 6. Nbd2 O-O 7. O-O Na5 8. Bb5 a6 9. Ba4 b5 10. Bc2 Nc6 11. h3 Ba7 12. Re1 Bb7 13. Nf1 h6 14. d4 Re8 15. Ng3 Bc8 16. a4 exd4 17. cxd4 bxa4 18. Bxa4 Bd7 19. Bc2 Nb4 20. Bb3 Be6 21. d5 Bd7 22. Qd2 Bc5 23. Nd4 a5 24. Nc2 Qc8 25. Qe2 Nfxd5 26. Bxd5 Nxd5 27. Qc4 Nb6 28. Qd3 Be6 29. Nd4 Bxd4 30. Qxd4 Nc4 31. Ne2 Rb8 32. Nc3 Nxb2 33. Rxa5 Nc4 34. Ra4 Nb6 35. Ra1 Nd7 36. Nd5 Bxd5 37. Qxd5 Nf6 38. Qd4 Qb7 39. f3 Qb6 40. Be3 Qxd4 41. Bxd4 Rb7 42. Rec1 c5 43. Be3 Rd8 1-0

[Event "GER-chW Blitz 2019"]
[Site "Magdeburg"]
[Date "2019.05.25"]
[Round "5.12"]
[White "Braje, Monika"]
[Black "Mader, Lena"]
[Result "0-1"]
[ECO "B13"]
[WhiteElo "1781"]
[BlackElo "1839"]
[Annotator "NA"]
[PlyCount "110"]
[EventDate "2019.05.25"]
[EventType "tourn"]
[EventCountry "GER"]
[SourceTitle "playchess.com"]
[Source "ChessBase"]
[SourceQuality "1"]
[TimeControl "180+2"]

1. e4 c6 2. d4 d5 3. exd5 cxd5 4. Bd3 Nf6 5. h3 Nc6 6. c3 g6 7. Bf4 Bg7 8. Nf3 O-O 9. O-O Bf5 10. Bb5 Qb6 11. Qe2 e6 12. Bd6 Rfd8 13. Bc5 Qc7 14. Nbd2 b6 15. Ba3 a6 16. Ba4 b5 17. Bd1 Ne4 18. Nxe4 Bxe4 19. Nd2 Na5 20. f3 Bf5 21. g4 Qg3+ 22. Qg2 Qxg2+ 23. Kxg2 Bd3 24. Rf2 Nc4 25. Nxc4 bxc4 26. Bc5 Bf8 27. Bxf8 Kxf8 28. Rd2 Rab8 29. Rc1 Rb7 30. b3 Rdb8 31. Kf2 a5 32. h4 Ke7 33. f4 a4 34. b4 a3 35. Bf3 Rc7 36. Re1 Kf6 37. g5+ Kg7 38. h5 h6 39. gxh6+ Kxh6 40. hxg6 Kxg6 41. Rg1+ Kf6 42. Ke3 Rcc8 43. Rh2 Rg8 44. Rgh1 Rg7 45. Rh6+ Ke7 46. Rh7 Bxh7 47. Rh2 Bd3 48. Rf2 Rbg8 49. b5 Rg3 50. b6 Rb8 51. Rh2 Rxb6 52. Kf2 Rg7 53. Bd1 Rb2+ 54. Ke1 Rxh2 55. Ba4 Rg1# 0-1

[Event "GER-chW Blitz 2019"]
[Site "Magdeburg"]
[Date "2019.05.25"]
[Round "6.1"]
[White "Roesler, Hannah Clara Hed"]
[Black "Mader, Lena"]
[Result "0-1"]
[ECO "B13"]
[WhiteElo "1619"]
[BlackElo "1839"]
[Annotator "NA"]
[PlyCount "90"]
[EventDate "2019.05.25"]
[EventType "tourn"]
[EventCountry "GER"]
[SourceTitle "playchess.com"]
[Source "ChessBase"]
[SourceQuality "1"]
[TimeControl "180+2"]

1. e4 c6 2. d4 d5 3. exd5 cxd5 4. c4 Nf6 5. Nc3 Nc6 6. Bg5 e6 7. c5 Be7 8. Nf3 O-O 9. Bb5 a6 10. Bxc6 bxc6 11. O-O Nd7 12. Bf4 a5 13. Na4 Ba6 14. Re1 Bb5 15. a3 Bf6 16. Ne5 Bxa4 17. Qxa4 Nxe5 18. Bxe5 Bxe5 19. Rxe5 Qc7 20. Qd1 Rab8 21. Qd2 Rb3 22. Qc2 Rfb8 23. Re2 a4 24. h3 h6 25. Rb1 Qf4 26. Qd2 Qf5 27. Ree1 Qg6 28. Qa5 Rxh3 29. Qc7 Rf8 30. b4 axb3 31. Rxb3 Rxb3 32. Qxc6 Rb1 33. Rxb1 Qxb1+ 34. Kh2 Qc1 35. g3 Qxa3 36. Qb6 Qf3 37. c6 Qxf2+ 38. Kh3 Qf5+ 39. Kg2 Qc2+ 40. Kf3 Qd3+ 41. Kf2 Qf5+ 42. Ke3 Qe4+ 43. Kf2 Ra8 44. c7 Ra2+ 45. Kg1 Qe1# 0-1

[Event "GER-chW Blitz 2019"]
[Site "Magdeburg"]
[Date "2019.05.25"]
[Round "6.2"]
[White "Zimmer, Elke"]
[Black "Braje, Monika"]
[Result "1-0"]
[ECO "B01"]
[WhiteElo "1926"]
[BlackElo "1781"]
[Annotator "NA"]
[PlyCount "117"]
[EventDate "2019.05.25"]
[EventType "tourn"]
[EventCountry "GER"]
[SourceTitle "playchess.com"]
[Source "ChessBase"]
[SourceQuality "1"]
[TimeControl "180+2"]

1. e4 d5 2. exd5 Nf6 3. d4 Nxd5 4. Nf3 g6 5. Bc4 Nb6 6. Bb5+ c6 7. Bd3 Bg7 8. c3 O-O 9. O-O N8d7 10. Bf4 c5 11. Nbd2 cxd4 12. Nxd4 Bxd4 13. cxd4 Nd5 14. Be3 N7f6 15. Bc4 Bg4 16. Be2 Bf5 17. Rc1 Rc8 18. a3 Qb6 19. Nc4 Qd8 20. Qa4 a6 21. Qd1 b5 22. Ne5 Nxe3 23. fxe3 Nd5 24. Qd2 f6 25. Nd3 Qd6 26. Bf3 Nb6 27. Nf2 Nc4 28. Qe1 Qe6 29. e4 Bxe4 30. Qxe4 Qd7 31. Qd5+ Qxd5 32. Bxd5+ Kg7 33. Bxc4 bxc4 34. Rc3 Rfd8 35. Rd1 Kf7 36. Ne4 e5 37. d5 f5 38. Ng5+ Kg7 39. Ne6+ Kf6 40. Nxd8 Rxd8 41. Rxc4 e4 42. Kf2 Ke5 43. d6 f4 44. Rc5+ Ke6 45. Rc6 e3+ 46. Kf3 g5 47. h3 Kd7 48. Rc7+ Ke8 49. d7+ Ke7 50. Rd4 h6 51. b4 h5 52. Re4+ Kd6 53. Rc5 g4+ 54. hxg4 hxg4+ 55. Kxf4 Rf8+ 56. Kxe3 Kxd7 57. Rd5+ Kc6 58. Rdd4 g3 59. Rg4 {[%emt 0:00:02] Kd5 [%clk 0:01:06] Ke4+} 1-0

[Event "GER-chW Blitz 2019"]
[Site "Magdeburg"]
[Date "2019.05.25"]
[Round "6.3"]
[White "Kopylov, Luba"]
[Black "Schulze, Lara"]
[Result "0-1"]
[ECO "E44"]
[WhiteElo "2078"]
[BlackElo "2160"]
[Annotator "NA"]
[PlyCount "65"]
[EventDate "2019.05.25"]
[EventType "tourn"]
[EventCountry "GER"]
[SourceTitle "playchess.com"]
[Source "ChessBase"]
[SourceQuality "1"]
[TimeControl "180+2"]

1. d4 Nf6 2. c4 e6 3. Nc3 Bb4 4. e3 b6 5. Nge2 c5 6. a3 Ba5 7. dxc5 bxc5 8. Qa4 Nc6 9. Bd2 O-O 10. e4 Rb8 11. e5 Nxe5 12. Nc1 Rxb2 13. Nb3 Rxd2 14. Nxa5 Rd4 15. Nb3 Ne4 16. Nb5 Nd3+ 17. Bxd3 Rxd3 18. Ke2 a6 19. Kxd3 axb5 20. Qxb5 Nxf2+ 21. Ke2 Nxh1 22. Rxh1 d6 23. Na5 Qh4 24. Qc6 Qg4+ 25. Qf3 Qd4 26. Rd1 Qb2+ 27. Rd2 Qb6 28. Nc6 Bb7 29. Rxd6 Qb2+ 30. Rd2 Qb6 31. Ne7+ Kh8 32. Qh3 Qc7 33. Qh4 0-1

[Event "GER-chW Blitz 2019"]
[Site "Magdeburg"]
[Date "2019.05.25"]
[Round "6.4"]
[White "Gheng, Simona"]
[Black "Kushka, Alena"]
[Result "1/2-1/2"]
[ECO "B20"]
[WhiteElo "1991"]
[BlackElo "2148"]
[Annotator "NA"]
[PlyCount "74"]
[EventDate "2019.05.25"]
[EventType "tourn"]
[EventCountry "GER"]
[SourceTitle "playchess.com"]
[Source "ChessBase"]
[SourceQuality "1"]
[TimeControl "180+2"]

1. e4 c5 2. c4 Nc6 3. Nc3 g6 4. g3 Bg7 5. Bg2 Nf6 6. d3 O-O 7. Nge2 d6 8. O-O Rb8 9. a3 a6 10. a4 Bg4 11. f3 Bd7 12. f4 Bg4 13. h3 Bxe2 14. Nxe2 Qc7 15. Rb1 b5 16. axb5 axb5 17. cxb5 Rxb5 18. f5 Ne5 19. Bf4 Rfb8 20. Qc2 Qb6 21. Bxe5 dxe5 22. Nc3 Rxb2 23. Rxb2 Qxb2 24. Qxb2 Rxb2 25. Na4 Rc2 26. Rb1 Bh6 27. fxg6 hxg6 28. Rb2 Rc1+ 29. Kf2 Kg7 30. Rb5 Rc2+ 31. Kf3 Nd7 32. Rb7 Nf8 33. Rxe7 Ne6 34. g4 Nd4+ 35. Kg3 Bf4+ 36. Kh4 Rxg2 37. Nxc5 Nf3# 1/2-1/2

[Event "GER-chW Blitz 2019"]
[Site "Magdeburg"]
[Date "2019.05.25"]
[Round "6.5"]
[White "Kunze, Kerstin"]
[Black "Ries, Jutta"]
[Result "1-0"]
[ECO "B04"]
[WhiteElo "2066"]
[BlackElo "2017"]
[Annotator "NA"]
[PlyCount "77"]
[EventDate "2019.05.25"]
[EventType "tourn"]
[EventCountry "GER"]
[SourceTitle "playchess.com"]
[Source "ChessBase"]
[SourceQuality "1"]
[TimeControl "180+2"]

1. e4 Nf6 2. e5 Nd5 3. d4 d6 4. Nf3 g6 5. c4 Nb6 6. Bd3 Nc6 7. exd6 cxd6 8. O-O Bg7 9. Be3 O-O 10. h3 Nb4 11. Be2 Bf5 12. Na3 Rc8 13. Nh4 Be6 14. Qd2 Na6 15. Rac1 Nb8 16. Nb5 a6 17. Na7 Nxc4 18. Bxc4 Rxc4 19. d5 Rxc1 20. Rxc1 Bd7 21. Qb4 b5 22. Nc6 Nxc6 23. dxc6 Bc8 24. Nf3 Qc7 25. Nd4 Bxd4 26. Bxd4 Be6 27. Qd2 Bxa2 28. Qh6 f6 29. Qe3 Bd5 30. Bb6 Qc8 31. c7 Bb7 32. Qxe7 d5 33. Re1 Bc6 34. Re6 Bd7 35. Rxf6 Rxf6 36. Qxf6 Qf8 37. Qe5 Bc8 38. Bd4 Qf5 39. Qg7# 1-0

[Event "GER-chW Blitz 2019"]
[Site "Magdeburg"]
[Date "2019.05.25"]
[Round "6.6"]
[White "Kreismann, Franziska"]
[Black "Lubbe, Melanie"]
[Result "0-1"]
[ECO "E61"]
[WhiteElo "1589"]
[BlackElo "2278"]
[Annotator "NA"]
[PlyCount "78"]
[EventDate "2019.05.25"]
[EventType "tourn"]
[EventCountry "GER"]
[SourceTitle "playchess.com"]
[Source "ChessBase"]
[SourceQuality "1"]
[TimeControl "180+2"]

1. d4 Nf6 2. c4 g6 3. Nc3 Bg7 4. Nf3 O-O 5. Bg5 d6 6. Bxf6 Bxf6 7. e3 Bg7 8. Bd3 Nd7 9. O-O e5 10. dxe5 dxe5 11. Bc2 c6 12. b3 Qe7 13. Re1 e4 14. Nd4 c5 15. Nde2 f5 16. Ng3 Ne5 17. Nd5 Qf7 18. Nf4 Be6 19. h4 Rad8 20. Qe2 Nd3 21. Red1 Bxa1 22. Bxd3 exd3 23. Nxd3 Bg7 24. h5 b6 25. Re1 Rd7 26. Nf4 Rfd8 27. hxg6 hxg6 28. Qf3 Be5 29. Nfe2 Qg7 30. a4 Rd1 31. Rxd1 Rxd1+ 32. Nf1 Ra1 33. Nf4 Bxf4 34. Qxf4 Qd7 35. Qb8+ Kf7 36. Qg3 Qd1 37. Kh2 Qh5+ 38. Kg1 Rxf1+ 39. Kxf1 Qd1# 0-1

[Event "GER-chW Blitz 2019"]
[Site "Magdeburg"]
[Date "2019.05.25"]
[Round "6.7"]
[White "Daemering, Katrin"]
[Black "Fuchs, Judith"]
[Result "0-1"]
[ECO "A05"]
[WhiteElo "2003"]
[BlackElo "2218"]
[Annotator "NA"]
[PlyCount "116"]
[EventDate "2019.05.25"]
[EventType "tourn"]
[EventCountry "GER"]
[SourceTitle "playchess.com"]
[Source "ChessBase"]
[SourceQuality "1"]
[TimeControl "180+2"]

1. Nf3 Nf6 2. g3 b5 3. Bg2 Bb7 4. d3 e6 5. e4 d6 6. O-O Be7 7. h3 O-O 8. Be3 c5 9. Nbd2 Qc7 10. Ne1 Nbd7 11. f4 Rfd8 12. g4 Nb6 13. g5 Nfd7 14. Qh5 g6 15. Qg4 Bf8 16. c3 d5 17. Rd1 b4 18. d4 bxc3 19. bxc3 Na4 20. Nb1 Nb2 21. Rc1 Nc4 22. Bf2 dxe4 23. Bg3 Ne3 24. Qe2 Nxf1 25. Qxf1 cxd4 26. Nc2 d3 27. Nd4 Bg7 28. Kh2 Qb6 29. Bf2 Qa5 30. a3 Rac8 31. Qe1 Nc5 32. Qe3 Qa4 33. Nd2 Qxa3 34. Nc4 Qa2 35. Ne5 d2 36. Rd1 Nb3 37. Nxb3 Qxb3 38. Rxd2 Rxd2 39. Qxd2 Qxc3 40. Qd7 Qc7 41. Qxc7 Rxc7 42. Bxa7 Bxe5 43. fxe5 Bd5 44. Be3 Rc3 45. Bf4 e3 46. Bxd5 exd5 47. Kg3 d4 48. Kf3 Kf8 49. Ke2 Ke7 50. h4 Ke6 51. Bg3 Kf5 52. Bh2 Ke4 53. Bg1 d3+ 54. Kd1 Ra3 55. Kc1 Ra1+ 56. Kb2 Rxg1 57. Kc3 d2 58. Kc2 d1=Q+ 0-1